 Dungeon Crawl Stone Soup version 0.29.1-4-g47bece8355 (webtiles) character file.

Game seed: 18373435753976830542

2 ChadusMaximus the Caller (level 1, 0/13 HPs)
             Began as a Human Summoner on Dec 7, 2022.
             Slain by a jackal (1 damage)
             ... on level 1 of the Dungeon.
             The game lasted 00:00:17 (143 turns).

ChadusMaximus the Caller (Human Summoner)            Turns: 143, Time: 00:00:18

Health: 0/13       AC:  2    Str:  8    XL:     1   Next: 44%
Magic:  2/3        EV: 12    Int: 15    God:
Gold:   0          SH:  0    Dex: 13    Spells: 3/4 levels left

rFire   . . .      SeeInvis .   (no weapon)
rCold   . . .      Faith    .   (no shield)
rNeg    . . .      Spirit   .   a - +0 robe
rPois   .          Reflect  .   (no helmet)
rElec   .          Harm     .   (no cloak)
rCorr   .          Rampage  .   (no gloves)
Will    .....                   (no boots)
Stlth   ++........              (no amulet)
HPRegen 0.04/turn               (no ring)
MPRegen 0.08/turn               (no ring)

@: no status effects
A: no striking features
a: no special abilities


You were on level 1 of the Dungeon.
You visited 1 branch of the dungeon, and saw 1 of its levels.

Inventory:

Armour
 a - a +0 robe (worn)
Potions
 b - a potion of magic


   Skills:
 + Level 2.0 Dodging
 + Level 2.1 Stealth
 + Level 2.0 Spellcasting
 + Level 4.0 Summonings


You had 3 spell levels left.
You knew the following spells:

 Your Spells              Type           Power      Damage    Failure   Level
a - Summon Small Mammal   Summ           52%        N/A       4%          1

Your spell library contained the following spells:

 Spells                   Type           Power      Damage    Failure   Level
 Call Imp                 Summ           13%        N/A       6%          2
 Call Canine Familiar     Summ           13%        N/A       13%         3
 Summon Guardian Golem    Hex/Summ       7%         N/A       28%         3
 Summon Lightning Spire   Summ/Air       7%         N/A       67%         4


Dungeon Overview and Level Annotations

Branches:
Dungeon (1/15)

Altars:


Message History

Your rat closely misses the quokka.
The quokka bites you.
You barely miss the quokka.
The quokka is almost dead.
The quokka bites you.
* * * LOW HITPOINT WARNING * * *
Your rat bites the quokka.
The quokka dies!
A jackal comes into view.
Your bat hits the jackal.
The jackal barks!
You swap places.
Your bat misses the jackal.
Your bat barely misses the jackal.
The jackal barely misses your bat.
An endoplasm comes into view.
Your bat hits the endoplasm but does no damage.
A jackal comes into view.
You see here a rat corpse.
Your bat hits the endoplasm but does no damage.
A jackal comes into view.
The jackal closely misses your rat.
A jackal comes into view.
Your bat hits the endoplasm but does no damage.
Your bat disappears in a puff of smoke!
The jackal attacks as you move away!
The jackal bites you but does no damage.
The jackal bites your rat. The jackal closely misses you.
Your rat barely misses the jackal.
The jackal closely misses your rat.
The jackal bites your rat but does no damage.
Your rat barely misses the jackal.
The jackal attacks as you move away! The jackal barely misses you.
The jackal bites your rat.
Your rat dies!
Your rat's corpse disappears in a puff of smoke!
The jackal bites you.
* * * LOW HITPOINT WARNING * * *
Casting: Summon Small Mammal (safe; 4% risk of failure)
Confirm with . or Enter, or press ? or * to list all spells.
The jackal bites you but does no damage.
The jackal bites you.
You die...

### ... ####.# # ..#.#
#.#####.#.#
.#.#.....#@#########
...........h........
#.......r.#........
#....................#
############.......#.#..##..#
≈≈≈~...#...(.......#........#
~≈≈.......~..##..h.###......#
.......~~~~...#...h.........#
....~~≈≈~.~~.....#§##.......#


You could see 3 jackals and a friendly rat (summoned).

Vanquished Creatures (collateral kills)
  A quokka (D:1)
  A bat (D:1)
  A rat (D:1)
3 creatures vanquished.

Notes
Turn   | Place    | Note
-------+----------+-------------------------------------------
     0 | D:1      | ChadusMaximus the Human Summoner began the quest for the
                  | Orb.
     0 | D:1      | Reached XP level 1. HP: 13/13 MP: 3/3
   143 | D:1      | Slain by a jackal

Illustrated notes

Levels and vault maps discovered:
D:1:      dpeg_arrival_more_subterranean_lakeside_camping, layout_basic,
          chequers_ecumenical_altar_island

Action                   || total
-------------------------++-------
Melee: Unarmed           ||    22
 Cast: Summon Small Mamm ||     5
 Stab: Distracted        ||     1
Armor: Robe              ||     6
Dodge: Dodged            ||    27
